 Dungeon Crawl Stone Soup version 0.29.0-4-gdea44cf6ec (webtiles) character file.

Game seed: 9098932805814047983

139 qw the Chopper (level 5, -3/30 HPs)
             Began as a Tengu Warper on Aug 28, 2022.
             Slain by Natasha (8 damage)
             ... on level 2 of the Dungeon.
             The game lasted 00:00:12 (2285 turns).

qw the Chopper (Tengu Warper)                       Turns: 2285, Time: 00:00:12

Health: -3/30      AC:  6    Str: 20    XL:     5   Next: 22%
Magic:  9/9        EV: 12    Int: 13    God:
Gold:   121        SH:  0    Dex: 13    Spells: 8/8 levels left

rFire   . . .      SeeInvis .   Y - +1 hand axe (flame)
rCold   . . .      Faith    .   (no shield)
rNeg    . . .      Spirit   .   e - +0 scale mail
rPois   .          Reflect  .   (helmet restricted)
rElec   .          Harm     .   (no cloak)
rCorr   .          Rampage  .   (no gloves)
Will    .....                   (boots unavailable)
Stlth   ..........              (no amulet)
HPRegen 0.10/turn               g - +6 ring of strength
MPRegen 0.11/turn               (no ring)

@: flying quickly and evasively, quick
A: beak, talons 3, nimble flight
a: no special abilities


You were on level 2 of the Dungeon.
You visited 1 branch of the dungeon, and saw 2 of its levels.

You collected 121 gold pieces.


Innate Abilities, Weirdness & Mutations

You have a beak for a mouth.
You have claws for feet.
Your magical nature lets you fly swiftly and evasively.


   Skills:
 - Level 2.0 Fighting
 + Level 5.8 Axes
 - Level 1.0 Throwing
 - Level 1.1 Armour
 - Level 2.1 Dodging
 - Level 2.0 Spellcasting
 - Level 2.4 Translocations


You had 8 spell levels left.
You didn't know any spells.
Your spell library contained the following spells:

 Spells                   Type           Power      Damage    Failure   Level
 Blink                    Tloc           14%        N/A       41%         2
 Gell's Gravitas          Tloc           7%         N/A       65%         3
 Lesser Beckoning         Tloc           7%         N/A       65%         3
 Teleport Other           Tloc           7%         N/A       65%         3
 Manifold Assault         Tloc           7%         N/A       100%        5

Inventory:

Hand Weapons
 Y - a +1 hand axe of flaming (weapon)
Missiles
 k - 6 boomerangs (quivered)
Armour
 e - a +0 scale mail (worn)
Jewellery
 g - a +6 ring of strength (left hand)
Scrolls
 a - a scroll of identify
Potions
 b - a potion of might
 c - a potion of mutation
 d - a potion of haste

Dungeon Overview and Level Annotations

Branches:
Dungeon (2/15)

Altars:
Fedhas

Annotations:
D:2 Natasha


Message History

(D) Dungeon
Where to? (* - list waypoints, Enter - D:2, ? - help)
What level of the Dungeon? (default 1, ? - help)
There is a stone staircase leading down here.
You fly downwards.
Level annotation: Natasha Natasha casts a spell at you.
The magic dart hits you.
There is a stone staircase leading up here.
2250 ||| STAIRDANCE You fly upwards.
There is a stone staircase leading down here.
You start resting.
HP restored.
Done exploring.
(D) Dungeon
Where to? (* - list waypoints, Enter - D:2, ? - help)
What level of the Dungeon? (default 1, ? - help)
You fly downwards.
Level annotation: Natasha Natasha drinks a potion.
Natasha seems to grow stronger.
Natasha casts a spell at you. You resist with some effort.
There is a stone staircase leading up here.
Natasha claws you!
You hit Natasha but do no damage. Your peck misses Natasha.
Natasha barely misses you.
You closely miss Natasha. You claw Natasha.
Natasha is moderately wounded.
Natasha howls an incantation.
You feel disoriented.
Natasha stares at you and mumbles some strange words.
The magic dart hits you.
You closely miss Natasha.
Natasha is moderately wounded.
Natasha claws you!
You hit Natasha. You burn Natasha.
Natasha is heavily wounded.
Natasha claws you!
You die...

....####.##.# #.....
###......##.# #.####
#######.#..# #.# #
........#.## #.# # #
#######.#.# #.# # ###..
#.#.# #.# .....##### #.#.#
#.# ........>####.#.#
##.##
......%..@h.....####.#.###
.......#<####.......###...
.......#.# ########.#.###
.........# ##.##
....####.# #%# .... #.#
#.# #.. #.# ########.# ..
#.# #........#
##.#.#####.# #.########


You could see Natasha (strong).

Vanquished Creatures
  Natasha (twice) (D:2)
  Robin (D:1)
  3 adders (D:2)
  2 dart slugs (D:1)
  3 ball pythons
  5 endoplasms
  3 giant cockroaches (D:1)
  6 goblins
  5 hobgoblins
  3 kobolds (D:1)
  2 quokkas
  6 bats
  2 frilled lizards
  6 rats
49 creatures vanquished.

Notes
Turn   | Place    | Note
-------+----------+-------------------------------------------
     0 | D:1      | qw the Tengu Warper began the quest for the Orb.
     0 | D:1      | Reached XP level 1. HP: 12/12 MP: 4/4
     0 | D:1      | 0 ||| qw: Version: 0.1-a-89-g26bdef1
     0 | D:1      | 0 ||| qw: Game counter: 2784
     0 | D:1      | 0 ||| qw: Always use a shield: true
     0 | D:1      | 0 ||| qw: God list: Okawaru
     0 | D:1      | 0 ||| qw: Allow faded altars: false
     0 | D:1      | 0 ||| qw: Do Orc after D:15 true
     0 | D:1      | 0 ||| qw: Do second Lair branch before Depths: true
     0 | D:1      | 0 ||| qw: Lair rune preference: random
     0 | D:1      | 0 ||| qw: Plans: Normal
     0 | D:1      | 0 ||| PLANNING D:1-11
    63 | D:1      | 63 ||| Stepping ~*~*~tactically~*~*~ (stealth).
    69 | D:1      | 69 ||| Stepping ~*~*~tactically~*~*~ (stealth).
   152 | D:1      | 152 ||| Stepping ~*~*~tactically~*~*~ (stealth).
   163 | D:1      | Reached XP level 2. HP: 15/17 MP: 6/6
   215 | D:1      | Reached skill level 3 in Axes
   252 | D:1      | 252 ||| Stepping ~*~*~tactically~*~*~ (stealth).
   313 | D:1      | 313 ||| Stepping ~*~*~tactically~*~*~ (stealth).
   377 | D:1      | 377 ||| Stepping ~*~*~tactically~*~*~ (stealth).
   380 | D:1      | 380 ||| Stepping ~*~*~tactically~*~*~ (stealth).
   382 | D:1      | 382 ||| Stepping ~*~*~tactically~*~*~ (stealth).
   632 | D:1      | Reached XP level 3. HP: 21/21 MP: 7/7
   734 | D:1      | Reached skill level 4 in Axes
   851 | D:1      | 851 ||| Stepping ~*~*~tactically~*~*~ (hiding).
   876 | D:1      | 876 ||| UPGRADING to +0 scale mail.
   886 | D:1      | 886 ||| DROPPING +0 leather armour.
   887 | D:1      | 887 ||| UPGRADING to +6 ring of strength.
   888 | D:1      | 888 ||| READING 3 scrolls labelled XEECLI JARUD.
   889 | D:1      | 889 ||| READING scroll labelled ELEMAC XISAORCH.
   894 | D:1      | 894 ||| READING scroll labelled SUVILA MUGUYCS.
   895 | D:1      | 895 ||| DROPPING scroll of blinking.
   948 | D:2      | Noticed Robin
   949 | D:2      | 949 ||| STAIRDANCE
   953 | D:1      | Killed Robin
  1062 | D:2      | 1062 ||| STAIRDANCE
  1136 | D:2      | Found a blossoming altar of Fedhas.
  1191 | D:2      | Reached XP level 4. HP: 20/26 MP: 8/8
  1278 | D:2      | 1278 ||| FLEEEEING.
  1521 | D:2      | Reached skill level 5 in Axes
  1771 | D:2      | Noticed Natasha
  1777 | D:2      | Killed Natasha
  1974 | D:2      | Noticed Natasha
  1975 | D:2      | 1975 ||| Stepping ~*~*~tactically~*~*~ (hiding).
  1976 | D:2      | 1976 ||| Stepping ~*~*~tactically~*~*~ (hiding).
  1982 | D:2      | HP: 4/26 [Natasha (9)]
  1984 | D:2      | Killed Natasha
  1985 | D:2      | Gained mutation: Your magical nature lets you fly swiftly
                  | and evasively. [Tengu growth]
  1985 | D:2      | Reached XP level 5. HP: 5/30 MP: 9/9
  2010 | D:2      | Noticed Natasha
  2011 | D:2      | 2011 ||| FLEEEEING.
  2012 | D:2      | 2012 ||| STAIRDANCE
  2238 | D:1      | 2238 ||| READING scroll labelled HATOIM NOPUBLU.
  2239 | D:1      | 2239 ||| READING scroll labelled WADANOPSUEKO.
  2240 | D:1      | 2240 ||| DROPPING +0 club.
  2241 | D:1      | 2241 ||| READING 4 scrolls of identify.
  2241 | D:1      | 2241 ||| IDENTIFYING murky golden potion
  2242 | D:1      | 2242 ||| READING 3 scrolls of identify.
  2242 | D:1      | 2242 ||| IDENTIFYING metallic ruby potion
  2243 | D:1      | 2243 ||| READING 2 scrolls of identify.
  2243 | D:1      | 2243 ||| IDENTIFYING viscous clear potion
  2244 | D:1      | 2244 ||| DROPPING potion of flight.
  2250 | D:2      | 2250 ||| STAIRDANCE
  2284 | D:2      | HP: 5/30 [Natasha (12)]
  2285 | D:2      | Slain by Natasha

Levels and vault maps discovered:
D:1:      spicycebolla_arrival_ecumenical, layout_rooms
D:2:      layout_loops_ring, basic_altar, uniq_robin, uniq_natasha

Skill      XL: |  1  2  3  4 |
---------------+-------------+-----
Axes           | 3 4 5 |  5.8
Fighting       | |  2.0
Throwing       | |  1.0
Armour         | |  1.1
Dodging        | |  2.1
Spellcasting   | |  2.0
Translocations | |  2.4

Action                   |  1- 3 |  4- 6 || total
-------------------------+-------+-------++-------
Melee: Hand axe          |    76 |    35 ||   111
       Peck              |    15 |     5 ||    20
       Kick              |    14 |     6 ||    20
       Punch             |     1 |       ||     1
Throw: Boomerang         |     7 |       ||     7
  Use: Scroll            |     3 |     5 ||     8
Armor: Leather armour    |    16 |       ||    16
       Scale mail        |    14 |     7 ||    21
Dodge: Dodged            |    42 |    12 ||    54

Table legend:
 A = Non-vault XP
 B = Vault XP
 C = Vault XP percentage of total XP
 D = Non-vault monster count
 E = Vault monster count
 F = Vault count percentage of total count
                 A         B        C        D         E       F
            +---------+---------+-------+---------+---------+-------
      Total |     137 |      62 |  31.2 |      41 |       8 |  16.3
            +---------+---------+-------+---------+---------+-------
        D:1 |      51 |      23 |  31.1 |      30 |       5 |  14.3
        D:2 |      86 |      39 |  31.2 |      11 |       3 |  21.4
            +---------+---------+-------+---------+---------+-------
